 Dungeon Crawl Stone Soup version 0.25.0-8-gfd19cd77bd (webtiles) character file.

Game seed: 10575144276493139703

406 Delamore the Cudgeler (level 6, -5/37 HPs)
             Began as a Gargoyle Fighter on June 16, 2020.
             Slain by an ogre
             ... wielding a +0 giant spiked club
              (22 damage)
             ... on level 3 of the Dungeon.
             The game lasted 00:03:58 (4005 turns).

Delamore the Cudgeler (Gargoyle Fighter)            Turns: 4005, Time: 00:03:58

Health: -5/37      AC: 12    Str: 22    XL:     6   Next: 87%
Magic:  6/6        EV:  7    Int:  8    God:
Gold:   243        SH:  9    Dex:  9    Spells: 5/5 levels left

rFire    . . .     SeeInvis .   a - +0 flail
rCold    . . .     Gourm    .   c - +0 kite shield
rNeg     + . .     Faith    .   b - +0 scale mail
rPois    ∞         Spirit   .   n - +0 helmet
rElec    +         Reflect  .   (no cloak)
rCorr    .         Harm     .   (no gloves)
MR       .....                  (no boots)
Stlth    ..........             (no amulet)
HPRegen  0.12/turn              (no ring)
MPRegen  0.10/turn              (no ring)

@: no status effects
A: negative energy resistance 1, electricity resistance, unbreathing,
petrification resistance, rot immunity, AC +4
a: no special abilities


You were on level 3 of the Dungeon.
You were not hungry.

You visited 2 branches of the dungeon, and saw 5 of its levels.

You collected 243 gold pieces.

Inventory:

Hand Weapons
 a - a +0 flail (weapon)
Missiles
 p - 7 javelins (quivered)
Armour
 b - a +0 scale mail (worn)
 c - a +0 kite shield (worn)
 n - a +0 helmet (worn)
Jewellery
 u - a +6 ring of dexterity {unknown}
Wands
 t - a wand of iceblast (10)
 v - a wand of flame (24)
Scrolls
 e - 2 scrolls of amnesia {unknown}
 i - 2 scrolls of teleportation {unknown}
 j - a scroll of enchant weapon {unknown}
 k - 5 scrolls of identify {unknown}
 l - a scroll of enchant armour {unknown}
 q - 2 scrolls of fog {unknown}
 s - 3 scrolls of blinking {unknown}
Potions
 d - a potion of might
 g - 4 potions of lignification {unknown}
 h - 3 potions of curing {unknown}
 m - a potion of experience {unknown}
 o - a potion of heal wounds {unknown}
 r - a potion of brilliance {unknown}
Comestibles
 f - 7 rations
 w - a chunk of flesh


   Skills:
 - Level 3.2 Fighting
 + Level 7.1 Maces & Flails
 - Level 3.2 Armour
 - Level 3.2 Shields


You had 5 spell levels left.
You didn't know any spells.
Your spell library was empty.

Dungeon Overview and Level Annotations

Branches:
Dungeon (4/15)             Temple (1/1) D:4

Altars:
Ashenzari
Cheibriados
Dithmenos
Elyvilon
Gozag
Hepliaklqana
Kikubaaqudgha
Makhleb
Qazlal
Ru
Sif Muna
Trog
Uskayaw
Vehumet
Xom
Yredelemnul
Zin
The Shining One


Innate Abilities, Weirdness & Mutations

You are resistant to torment.
Your stone body is resilient. (AC +4)
You are immune to poison.
You resist negative energy. (rN+)
You are resistant to electric shocks. (rElec)
You can survive without breathing.
You are immune to petrification.
You are immune to rotting.


Message History

You are too injured to fight recklessly!
You are too injured to fight recklessly!
You are too injured to fight recklessly!
You are too injured to fight recklessly!
You are too injured to fight recklessly!
You are too injured to fight recklessly!
You are too injured to fight recklessly!
You are too injured to fight recklessly!
You are too injured to fight recklessly!
You are too injured to fight recklessly!
You are too injured to fight recklessly!
You are too injured to fight recklessly!
You are too injured to fight recklessly!
You are too injured to fight recklessly!
You are too injured to fight recklessly!
You closely miss the ogre.
The ogre is moderately wounded.
The ogre hits you with a +0 giant spiked club!!
Ouch! That really hurt!
You die...

#.# #..#.#.########..##########
#.###..#.#.# #..# #.#....#.#.#
#..# #.#.#..#.#.# #..# #
#.#.#.##.#.# ####..########## #
#.#.#.##.#.#####............... #
#.#.#.##.#.#...#.#..######.....
###.#.#.##.#.##.O#.÷.....O....#..
........(.......@...>.........#..
......#.##.#.#...##########...#.#
.....##(##.#.#...# #...O......#.#
####.##.##.#.#...# #.######.#.#.#
...........#.#...# #O# #.#.#.#
......##.###.#...# #.######.#.#..
#.....+......##..###........#.###
#.....##.######....O.............
##+#.....#.........##########(###


You could see an ogre.

Vanquished Creatures
  A hound (D:4)
  Jessica (D:2)
  Natasha (thrice) (D:3)
  2 worker ants
  Terence (D:2)
  Robin (D:2)
  3 gnolls (D:3)
  5 adders
  A howler monkey skeleton (D:4)
  A shadow imp (D:3)
  2 oozes
  An adder skeleton (D:4)
  2 worms (D:2)
  2 dart slugs
  A leopard gecko (D:1)
  3 orcs
  3 giant cockroaches
  15 goblins
  9 hobgoblins
  4 jackals (D:3)
  7 kobolds
  A quokka (D:2)
  4 bats
  7 frilled lizards
  8 rats
88 creatures vanquished.

Vanquished Creatures (others)
  4 toadstools (D:1)
4 creatures vanquished.

Grand Total: 92 creatures vanquished

Notes
Turn   | Place    | Note
-------+----------+-------------------------------------------
     0 | D:1      | Delamore the Gargoyle Fighter began the quest for the Orb.
     0 | D:1      | Reached XP level 1. HP: 14/14 MP: 1/1
   132 | D:1      | Reached XP level 2. HP: 19/19 MP: 2/2
   150 | D:1      | Reached skill level 3 in Maces & Flails
   540 | D:1      | Reached XP level 3. HP: 23/23 MP: 3/3
   952 | D:2      | Noticed Jessica
   959 | D:2      | Killed Jessica
   959 | D:2      | Reached skill level 4 in Maces & Flails
   959 | D:2      | Reached XP level 4. HP: 22/28 MP: 4/4
  1050 | D:2      | Noticed Robin
  1513 | D:2      | Killed Robin
  1622 | D:2      | Noticed Terence
  1632 | D:2      | Killed Terence
  1632 | D:2      | Reached skill level 5 in Maces & Flails
  1632 | D:2      | Reached XP level 5. HP: 31/32 MP: 5/5
  2125 | D:3      | Noticed Natasha
  2141 | D:3      | Killed Natasha
  2236 | D:3      | Noticed Natasha
  2246 | D:3      | Killed Natasha
  2472 | D:3      | Reached skill level 6 in Maces & Flails
  2508 | D:3      | Reached XP level 6. HP: 37/37 MP: 6/6
  2572 | D:3      | Found a bloodstained altar of Trog.
  3096 | D:3      | Found a burning altar of Makhleb.
  3249 | D:3      | Noticed Natasha
  3255 | D:3      | Killed Natasha
  3410 | D:4      | Found a staircase to the Ecumenical Temple.
  3430 | Temple   | Entered the Ecumenical Temple
  3715 | D:4      | Reached skill level 7 in Maces & Flails
  4005 | D:3      | Slain by an ogre

Illustrated notes

Levels and vault maps discovered:
D:1:      ldierk_walled_garden_2, layout_loops_ring
D:2:      cheibrodos_old_hovel, layout_loops_ring, minmay_pentomino_z4,
          uniq_jessica, uniq_robin, uniq_terence
D:3:      layout_basic, lemuel_coloured_pillars_altar, lightli_temple_of_fire,
          first_ration, uniq_natasha
D:4:      layout_rooms, minmay_temple_entry_antechambers
Temple:   minmay_temple_bridge_d

Skill      XL: |  1  2  3  4  5  6 |
---------------+-------------------+-----
Maces & Flails | 3 4 5 6 7 |  7.1
Fighting       | |  3.2
Armour         | |  3.2
Shields        | |  3.2

Action                   |  1- 3 |  4- 6 || total
-------------------------+-------+-------++-------
Melee: Flail             |    90 |   243 ||   333
  Eat: Chunk             |       |    10 ||    10
Armor: Scale mail        |    38 |   118 ||   156
       Ring mail         |       |     4 ||     4
Dodge: Dodged            |    22 |    80 ||   102
Block: Kite shield       |    38 |   130 ||   168
